Griffins vs Harfangs (R1)

Created - February 27, 2020 at 23:06

Goals
1 2 3 T
Griffins 1 0 2 3
Harfangs 4 0 2 6
Shots
1 2 3 T
Griffins 9 6 18 33
Harfangs 19 4 10 33

1st period

1. Harfangs , Tyler Randell 28 (Michael Bournival 48, Tyler Brenner 31) at 9:09
2. Griffins , Ben Hanowski 13 (Nathan Gerbe 24, Tye McGinn 39) at 11:29
3. Harfangs , Ryan Hartman 8 (Calle Jarnkrok 48) at 14:57 (PP)
4. Harfangs , Brandon McMillan 25 (Calle Jarnkrok 49, Ryan Hartman 25) at 15:27
5. Harfangs , Erik Nystrom 7 (Sven Andrighetto 11) at 16:29

Penalties :
Tyler Brenner (BEA) for Hooking (Minor) at 11:34, Brandon Pirri (Cap) for Hooking (Minor) at 14:51

2nd period

No Goal

Penalties :
Tyler Brenner (BEA) for Slashing (Minor) at 9:31, Cristoval Nieves (BEA) for Interference (Minor) at 12:45, Brandon Pirri (Cap) for Hooking (Minor) at 15:38, Victor Bartley (BEA) for Hooking (Minor) at 19:45

3rd period

6. Griffins , Teuvo Teravainen 4 (Tye McGinn 40, Marko Dano 48) at 0:39 (PP)
7. Harfangs , Erik Nystrom 8 (Sven Andrighetto 12, Nick Shore 11) at 2:50
8. Griffins , Rourke Chartier 2 (Gord Baldwin 12) at 9:26
9. Harfangs , Cristoval Nieves 9 (Victor Bartley 14) at 19:31

Penalties :
Jake Dotchin (BEA) for Hooking (Minor) at 0:36, Simon Despres (Cap) for Tripping (Minor) at 3:27, Morgan Klimchuk (BEA) for Hooking (Minor) at 10:43, Marko Dano (Cap) for Tripping (Minor) at 15:09

Goalie Stats

Olivier Roy (Cap), 15 saves from 17 shots - (0.882), 43:31 minutes
Igor Shesterkin (Cap), 12 saves from 16 shots - (0.750), L, 7-8-2, 16:29 minutes
Ilya Sorokin (BEA), 30 saves from 33 shots - (0.909), W, 12-7-2, 60:00 minutes

Players Stats for Griffins

Player Name              G  A  P  +/- PIM S  H  SB GA TA FO     MP     PP MP  PK MP  
------------------------------------------------------------------------------------
Anton Slepyshev          0  0  0  -1  0   0  0  0  1  1  0/0    12:51   4:37   0:00 
Ben Hanowski             1  0  1  -2  0   4  1  0  1  0  1/2    18:05   4:37   1:38 
Brandon Pirri            0  0  0  -1  4   2  1  1  2  0  0/1    10:26   0:02   1:04 
Brendan Woods            0  0  0  -1  0   0  0  0  0  0  1/6    12:02   0:00   3:08 
Dylan Larkin             0  0  0  -2  0   3  0  0  0  0  6/13   16:05   4:37   0:00 
Gord Baldwin             0  1  1   0  0   0  1  0  0  1  0/0    10:01   0:00   3:26 
Haydn Fleury             0  0  0  -1  0   0  0  1  0  1  0/0    19:01   0:00   3:26 
Ian McCoshen             0  0  0   0  0   0  0  0  0  0  0/0     6:35   0:00   0:00 
Marcus Pettersson        0  0  0   1  0   1  0  0  1  2  0/0    18:41   6:14   0:00 
Marko Dano               0  1  1   0  2   8  2  0  0  0  6/11   20:34   6:07   0:55 
Mirco Mueller            0  0  0  -2  0   0  0  0  0  1  0/0     9:45   0:00   2:37 
Nathan Gerbe             0  1  1   0  0   2  2  0  1  1  9/15   14:51   0:02   1:24 
Nicholas Baptiste        0  0  0   0  0   0  1  0  0  0  0/0     9:18   0:02   0:00 
Petter Granberg          0  0  0   0  0   0  1  2  0  0  0/0    18:22   4:32   0:00 
Phil Oreskovic           0  0  0  -3  0   2  1  0  0  0  0/0    15:43   4:32   2:37 
Rourke Chartier          1  0  1   0  0   1  0  0  0  0  1/3     8:59   0:00   0:00 
Simon Despres            0  0  0  -1  2   2  0  1  0  1  0/0    22:02   6:14   0:00 
Sonny Milano             0  0  0   0  0   2  0  0  0  0  0/0     8:59   0:00   0:00 
Teuvo Teravainen         1  0  1  -2  0   3  3  0  0  0  1/1    19:46   6:07   1:11 
Tye McGinn               0  2  2   0  0   3  1  1  1  1  2/5    21:47   6:07   2:46 

Players Stats for Harfangs

Player Name              G  A  P  +/- PIM S  H  SB GA TA FO     MP     PP MP  PK MP  
------------------------------------------------------------------------------------
Anthony Angello          0  0  0   0  0   0  0  0  0  0  0/0     0:00   0:00   0:00 
Brandon McMillan         1  0  1   1  0   2  1  1  1  0  0/0    13:55   2:55   0:00 
Brendan Leipsic          0  0  0   0  0   0  0  0  0  0  0/0     1:03   0:09   0:22 
Brenden Kichton          0  0  0   0  0   0  1  1  0  1  0/0    12:04   0:00   1:42 
Calle Jarnkrok           0  2  2   1  0   1  2  0  0  2  4/7    17:06   2:55   3:11 
Cristoval Nieves         1  0  1   1  2   4  0  0  0  0  2/2     7:28   0:00   0:28 
Devon Teows              0  0  0   1  0   0  0  0  0  0  0/0     5:02   0:00   0:00 
Dylan Olsen              0  0  0   1  0   0  1  1  1  1  0/0    26:59   3:48   6:16 
Erik Nystrom             2  0  2   2  0   3  1  1  0  1  1/1    10:37   0:00   0:00 
Jake Dotchin             0  0  0   1  2   1  0  2  0  0  0/0    16:42   2:15   3:30 
JC Lipon                 0  0  0   0  0   0  0  0  0  0  0/0     0:19   0:09   0:00 
Laurent Dauphin          0  0  0   0  0   0  0  1  0  0  1/1     3:28   0:00   2:20 
Lucas Wallmarkk          0  0  0   0  0   0  0  0  0  0  0/0     0:19   0:09   0:00 
Mark Alt                 0  0  0   0  0   0  0  0  0  0  0/0    10:19   0:00   0:00 
Michael Bournival        0  1  1  -1  0   6  0  0  2  0  0/3    22:39   2:59   5:45 
Morgan Klimchuk          0  0  0   1  2   1  1  0  0  0  0/0     8:50   0:00   1:22 
Nick Shore               0  1  1   2  0   0  1  0  1  0  2/6    10:37   0:00   0:00 
Nick Sorensen            0  0  0   1  0   0  0  0  0  0  0/0     6:20   0:00   0:00 
Reid McNeill             0  0  0   1  0   0  0  0  0  0  0/0    17:25   2:15   4:18 
Rinat Valiev             0  0  0   1  0   0  0  0  0  0  0/0     5:25   0:00   0:20 
Ryan Hartman             1  1  2   1  0   1  2  0  0  2  0/0    13:55   2:55   0:00 
Sven Andrighetto         0  2  2   2  0   2  0  0  0  0  0/0    10:37   0:00   0:00 
Tyler Brenner            0  1  1  -1  4   4  1  1  1  0  16/27  19:03   2:59   2:10 
Tyler Randell            1  0  1  -1  0   4  1  0  1  0  4/10   22:46   2:59   5:51 
Victor Bartley           0  1  1   1  2   4  2  3  2  0  0/0    26:07   3:48   5:25 

3 Stars

1 - Erik Nystrom (BEA)
2 - Ryan Hartman (BEA)
3 - Sven Andrighetto (BEA)

Power Play

Griffins - 1 on 6 Attempt(s) - 16.67%
Harfangs - 1 on 4 Attempt(s) - 25.00%

Penalty Kill

Griffins - 3 on 4 Attempt(s) - 75.00% - Score 0 goal in Penalty Kill
Harfangs - 5 on 6 Attempt(s) - 83.33% - Score 0 goal in Penalty Kill

Team Stat

Griffins - Hits : 14 - Faceoff Wins : 27 - Blocked Shots : 6 - Penalty Minutes : 8
Harfangs - Hits : 14 - Faceoff Wins : 30 - Blocked Shots : 11 - Penalty Minutes : 12

Official

Referees : Unknown
Linesman : Unknown

Game Notes

Olivier Roy enters game at 16:29 of 1st period

Finance

Level 1 -- Attendance: 2000 (100.00%) -- Ticket Income $68,000
Level 2 -- Attendance: 724 (72.40%) -- Ticket Income $13,756
Total Attendance: 2724 (90.80%)
Total Ticket Income: $81,756
Other Income: $4,088
Total Income: $85,844

Griffins

5 vs 5 Forward 
   Center                   Left Wing                Right Wing               Time % Phy DF OF 
 1 Nathan Gerbe             Marko Dano               Tye McGinn               38     0   2  3  
 2 Dylan Larkin             Teuvo Teravainen         Ben Hanowski             35     0   2  3  
 3 Brendan Woods            Anton Slepyshev          Brandon Pirri            17     0   2  3  
 4 Rourke Chartier          Sonny Milano             Nicholas Baptiste        10     0   2  3  

5 vs 5 Defense 
   Defense                  Defense                                           Time % Phy DF OF 
 1 Simon Despres            Haydn Fleury                                      40     0   3  2  
 2 Marcus Pettersson        Petter Granberg                                   30     0   3  2  
 3 Phil Oreskovic           Mirco Mueller                                     15     0   3  2  
 4 Ian McCoshen             Gord Baldwin                                      15     0   3  2  

PowerPlay Forward 
   Center                   Left Wing                Right Wing               Time % Phy DF OF 
 1 Marko Dano               Teuvo Teravainen         Tye McGinn               60     0   1  4  
 2 Dylan Larkin             Anton Slepyshev          Ben Hanowski             40     0   1  4  

PowerPlay Defense
   Defense                  Defense                                           Time % Phy DF OF 
 1 Simon Despres            Marcus Pettersson                                 60     0   2  3  
 2 Phil Oreskovic           Petter Granberg                                   40     0   2  3  

Penalty Kill 4 Players Forward 
   Center                   Wing                     Time % Phy DF OF 
 1 Tye McGinn               Brendan Woods            60     0   4  1  
 2 Marko Dano               Ben Hanowski             40     0   4  1  

Penalty Kill 4 Players Defense
   Defense                  Defense                  Time % Phy DF OF 
 1 Gord Baldwin             Haydn Fleury             60     1   2  2  
 2 Phil Oreskovic           Mirco Mueller            40     1   2  2  

Penalty Kill - 3 Players Forward 
   Forward                                           Time % Phy DF OF 
 1 Brendan Woods                                     60     0   4  1  
 2 Ben Hanowski                                      40     0   4  1  

Penalty Kill - 3 Players Defense
   Defense                  Defense                  Time % Phy DF OF 
 1 Gord Baldwin             Haydn Fleury             60     1   2  2  
 2 Phil Oreskovic           Mirco Mueller            40     1   2  2  

4 vs 4 Forward 
   Center                   Wing                     Time % Phy DF OF 
 1 Marko Dano               Tye McGinn               60     0   2  3  
 2 Dylan Larkin             Teuvo Teravainen         40     0   2  3  

4 vs 4 Defense
   Defense                  Defense                  Time % Phy DF OF 
 1 Gord Baldwin             Petter Granberg          60     0   3  2  
 2 Marcus Pettersson        Phil Oreskovic           40     0   3  2  

Last Minutes Offensive
   Center                   Left Wing                Right Wing               Defense                  Defense                  
   Marko Dano               Teuvo Teravainen         Tye McGinn               Marcus Pettersson        Simon Despres            

Last Minutes Defensive
   Center                   Left Wing                Right Wing               Defense                  Defense                  
   Marko Dano               Brendan Woods            Ben Hanowski             Haydn Fleury             Phil Oreskovic           

Goaltenders
Starting : Igor Shesterkin          
Backup : Olivier Roy              

Extra Forwards
Normal : Marko Dano, Dylan Larkin, Nathan Gerbe - PP : Nathan Gerbe, Brandon Pirri - PK : Brandon Pirri
Extra Defensemen
Normal : Simon Despres, Marcus Pettersson, Haydn Fleury - PP : Haydn Fleury - PK : Petter Granberg, Marcus Pettersson
Penalty Shots
Dylan Larkin, Nathan Gerbe, Rourke Chartier, Sonny Milano, Marko Dano

Scratches
Tobias Rieder (Right Foot Injury), Vladislav Namestnikov (Healthy), Garrett Wilson (Healthy), Tanner Kero (Healthy), Greg McKegg (Healthy)
Konrad Abeltshauser (Healthy), Tomas Hyka (Healthy), Michael Bunting (Healthy), Danny Kristo (Healthy), Ryan Mantha (Healthy)
Jack Ramsey (Healthy), Marcus Hogberg (Healthy), Hayden Hawkey (Healthy)

Harfangs

5 vs 5 Forward 
   Center                   Left Wing                Right Wing               Time % Phy DF OF 
 1 Tyler Brenner            Michael Bournival        Tyler Randell            40     1   2  2  
 2 Calle Jarnkrok           Brandon McMillan         Ryan Hartman             30     1   2  2  
 3 Nick Shore               Erik Nystrom             Sven Andrighetto         20     1   2  2  
 4 Cristoval Nieves         Morgan Klimchuk          Nick Sorensen            10     1   2  2  

5 vs 5 Defense 
   Defense                  Defense                                           Time % Phy DF OF 
 1 Dylan Olsen              Victor Bartley                                    40     1   2  2  
 2 Reid McNeill             Jake Dotchin                                      30     1   2  2  
 3 Mark Alt                 Brenden Kichton                                   20     1   2  2  
 4 Rinat Valiev             Devon Teows                                       10     1   2  2  

PowerPlay Forward 
   Center                   Left Wing                Right Wing               Time % Phy DF OF 
 1 Tyler Brenner            Michael Bournival        Tyler Randell            60     1   2  2  
 2 Calle Jarnkrok           Brandon McMillan         Ryan Hartman             40     1   2  2  

PowerPlay Defense
   Defense                  Defense                                           Time % Phy DF OF 
 1 Dylan Olsen              Victor Bartley                                    60     1   2  2  
 2 Reid McNeill             Jake Dotchin                                      40     1   2  2  

Penalty Kill 4 Players Forward 
   Center                   Wing                     Time % Phy DF OF 
 1 Tyler Randell            Michael Bournival        60     1   2  2  
 2 Tyler Brenner            Calle Jarnkrok           40     1   2  2  

Penalty Kill 4 Players Defense
   Defense                  Defense                  Time % Phy DF OF 
 1 Dylan Olsen              Victor Bartley           60     1   2  2  
 2 Reid McNeill             Jake Dotchin             40     1   2  2  

Penalty Kill - 3 Players Forward 
   Forward                                           Time % Phy DF OF 
 1 Tyler Randell                                     60     1   2  2  
 2 Michael Bournival                                 40     1   2  2  

Penalty Kill - 3 Players Defense
   Defense                  Defense                  Time % Phy DF OF 
 1 Dylan Olsen              Victor Bartley           60     1   2  2  
 2 Reid McNeill             Jake Dotchin             40     1   2  2  

4 vs 4 Forward 
   Center                   Wing                     Time % Phy DF OF 
 1 Tyler Randell            Michael Bournival        60     1   2  2  
 2 Tyler Brenner            Calle Jarnkrok           40     1   2  2  

4 vs 4 Defense
   Defense                  Defense                  Time % Phy DF OF 
 1 Dylan Olsen              Victor Bartley           60     1   2  2  
 2 Reid McNeill             Jake Dotchin             40     1   2  2  

Last Minutes Offensive
   Center                   Left Wing                Right Wing               Defense                  Defense                  
   Tyler Brenner            Michael Bournival        Tyler Randell            Dylan Olsen              Victor Bartley           

Last Minutes Defensive
   Center                   Left Wing                Right Wing               Defense                  Defense                  
   Tyler Brenner            Michael Bournival        Tyler Randell            Dylan Olsen              Victor Bartley           

Goaltenders
Starting : Ilya Sorokin             
Backup : Anton Forsberg           

Extra Forwards
Normal : Brendan Leipsic, Lucas Wallmarkk, Laurent Dauphin - PP : Brendan Leipsic, Lucas Wallmarkk - PK : Laurent Dauphin
Extra Defensemen
Normal : Mark Alt, Brenden Kichton, Rinat Valiev - PP : Mark Alt - PK : Brenden Kichton, Rinat Valiev
Penalty Shots
Tyler Randell, Michael Bournival, Tyler Brenner, Calle Jarnkrok, Brandon McMillan

Scratches
Blake Heinrich (Left Eye Injury), Justin Kirkland (Healthy), Jason Kasdorf (Healthy), Mark Visentin (Healthy), Scott Wedgewood (Healthy)
Zachary Fucale (Healthy)

% Time on Ice - Griffins

Lines # - Real PCT - Wanted PCT - Time Play
Normal Forward
1 - 31% - 38% - 13:28
2 - 27% - 35% - 11:50
3 - 21% - 17% - 8:54
4 - 21% - 10% - 8:59
Normal Defense
1 - 36% - 40% - 15:38
2 - 34% - 30% - 14:35
3 - 15% - 15% - 6:23
4 - 15% - 15% - 6:35
PP Forward
1 - 57% - 60% - 6:09
2 - 43% - 40% - 4:37
PP Defense
1 - 58% - 60% - 6:14
2 - 42% - 40% - 4:32
PK Forward
1 - 73% - 60% - 4:25
2 - 27% - 40% - 1:38
PK Defense
1 - 57% - 60% - 3:26
2 - 43% - 40% - 2:37
PK3 Forward
1 - 0% - 60%
2 - 0% - 40%
PK3 Defense
1 - 0% - 60%
2 - 0% - 40%
44 Forward
1 - 0% - 60%
2 - 0% - 40%
44 Defense
1 - 0% - 60%
2 - 0% - 40%
Last Minute Offensive  - 0:00
Last Minute Defensive  - 0:00
Total
Forward - 60:00
Defense - 60:00

% Time on Ice - Harfangs

Lines # - Real PCT - Wanted PCT - Time Play
Normal Forward
1 - 35% - 40% - 15:14
2 - 25% - 30% - 11:00
3 - 25% - 20% - 10:37
4 - 15% - 10% - 6:20
Normal Defense
1 - 39% - 40% - 16:58
2 - 25% - 30% - 10:52
3 - 24% - 20% - 10:19
4 - 12% - 10% - 5:02
PP Forward
1 - 52% - 60% - 3:08
2 - 48% - 40% - 2:55
PP Defense
1 - 63% - 60% - 3:48
2 - 37% - 40% - 2:15
PK Forward
1 - 70% - 60% - 7:32
2 - 30% - 40% - 3:11
PK Defense
1 - 60% - 60% - 6:25
2 - 40% - 40% - 4:18
PK3 Forward
1 - 100% - 60% - 0:03
2 - 0% - 40% - 0:00
PK3 Defense
1 - 100% - 60% - 0:03
2 - 0% - 40% - 0:00
44 Forward
1 - 0% - 60%
2 - 0% - 40%
44 Defense
1 - 0% - 60%
2 - 0% - 40%
Last Minute Offensive  - 0:00
Last Minute Defensive  - 0:00
Total
Forward - 60:00
Defense - 60:00

Play-by-Play

1st period


0:01 of 1st period - Tyler Brenner wins face-off versus Nathan Gerbe in neutral zone.
0:12 of 1st period - Wrist shot by Tyler Brenner.
0:12 of 1st period - Shot Misses the Net.
0:14 of 1st period - Wrist shot by Tyler Brenner.
0:14 of 1st period - Stopped by Igor Shesterkin with a rebound.
0:59 of 1st period - Snap shot by Dylan Larkin.
0:59 of 1st period - Stopped by Ilya Sorokin with a rebound.
1:15 of 1st period - Snap shot by Brandon Pirri.
1:15 of 1st period - Stopped by Ilya Sorokin with a rebound.
1:37 of 1st period - Snap shot by Tyler Randell.
1:37 of 1st period - Shot Blocked by Petter Granberg.
2:33 of 1st period - Slapshot by Cristoval Nieves.
2:33 of 1st period - Stopped by Igor Shesterkin without a rebound.
2:34 of 1st period - Ben Hanowski wins face-off versus Tyler Brenner in Griffins zone.
3:21 of 1st period - Slapshot by Victor Bartley.
3:21 of 1st period - Shot Blocked by Brandon Pirri.
3:23 of 1st period - Snap shot by Victor Bartley.
3:23 of 1st period - Stopped by Igor Shesterkin without a rebound.
3:24 of 1st period - Erik Nystrom wins face-off versus Brendan Woods in Griffins zone.
3:51 of 1st period - Michael Bournival is hit by Ben Hanowski and loses puck.
3:58 of 1st period - Wrist shot by Ben Hanowski.
3:58 of 1st period - Stopped by Ilya Sorokin without a rebound.
3:59 of 1st period - Dylan Larkin wins face-off versus Tyler Brenner in Harfangs zone.
4:03 of 1st period - Icing by Michael Bournival.
4:04 of 1st period - Tyler Brenner wins face-off versus Dylan Larkin in Harfangs zone.
4:41 of 1st period - Slapshot by Calle Jarnkrok.
4:41 of 1st period - Shot Misses the Net.
5:03 of 1st period - Slapshot by Sonny Milano.
5:03 of 1st period - Stopped by Ilya Sorokin with a rebound.
5:34 of 1st period - Wrist shot by Tyler Brenner.
5:34 of 1st period - Stopped by Igor Shesterkin with a rebound.
5:36 of 1st period - Snap shot by Jake Dotchin.
5:36 of 1st period - Shot Misses the Net.
5:38 of 1st period - Wrist shot by Tyler Randell.
5:38 of 1st period - Shot Misses the Net.
5:44 of 1st period - Wrist shot by Tyler Randell.
5:44 of 1st period - Shot Misses the Net.
6:27 of 1st period - Snap shot by Cristoval Nieves.
6:27 of 1st period - Shot Misses the Net.
6:59 of 1st period - Slapshot by Ben Hanowski.
6:59 of 1st period - Stopped by Ilya Sorokin without a rebound.
7:00 of 1st period - Dylan Larkin wins face-off versus Michael Bournival in Harfangs zone.
7:01 of 1st period - Snap shot by Ben Hanowski.
7:01 of 1st period - Shot Misses the Net.
7:29 of 1st period - Gord Baldwin is hit by Ryan Hartman.
7:36 of 1st period - Off-side.
7:37 of 1st period - Tyler Brenner wins face-off versus Dylan Larkin in neutral zone.
7:40 of 1st period - Backhand shot by Michael Bournival.
7:40 of 1st period - Stopped by Igor Shesterkin with a rebound.
8:06 of 1st period - Snap shot by Nathan Gerbe.
8:06 of 1st period - Shot Misses the Net.
8:08 of 1st period - Slapshot by Petter Granberg.
8:08 of 1st period - Shot Misses the Net.
9:02 of 1st period - Teuvo Teravainen is hit by Dylan Olsen and loses puck.
9:07 of 1st period - Wrist shot by Michael Bournival.
9:07 of 1st period - Stopped by Igor Shesterkin with a rebound.
9:09 of 1st period - Snap shot by Tyler Randell.
9:09 of 1st period - Goal by Tyler Randell - Griffins : 0 - Harfangs : 1.
9:10 of 1st period - Nathan Gerbe wins face-off versus Tyler Brenner in neutral zone.
9:43 of 1st period - Wrist shot by Ben Hanowski.
9:43 of 1st period - Stopped by Ilya Sorokin without a rebound.
9:44 of 1st period - Dylan Larkin wins face-off versus Calle Jarnkrok in Harfangs zone.
9:45 of 1st period - Slapshot by Ben Hanowski.
9:45 of 1st period - Shot Blocked by Brenden Kichton.
10:09 of 1st period - Tyler Brenner is hit by Nathan Gerbe and loses puck.
10:28 of 1st period - Snap shot by Brandon Pirri.
10:28 of 1st period - Stopped by Ilya Sorokin with a rebound.
10:30 of 1st period - Snap shot by Anton Slepyshev.
10:30 of 1st period - Shot Blocked by Jake Dotchin.
10:50 of 1st period - Wrist shot by Morgan Klimchuk.
10:50 of 1st period - Stopped by Igor Shesterkin with a rebound.
10:52 of 1st period - Slapshot by Reid McNeill.
10:52 of 1st period - Shot Blocked by Haydn Fleury.
11:10 of 1st period - Calle Jarnkrok is hit by Tye McGinn and loses puck.
11:29 of 1st period - Wrist shot by Ben Hanowski.
11:29 of 1st period - Goal by Ben Hanowski - Griffins : 1 - Harfangs : 1.
11:30 of 1st period - Nathan Gerbe wins face-off versus Tyler Brenner in neutral zone.
11:34 of 1st period - Minor Penalty to Tyler Brenner for Hooking.
11:35 of 1st period - Teuvo Teravainen wins face-off versus Tyler Randell in Harfangs zone.
11:35 of 1st period - Wrist shot by Tye McGinn.
11:35 of 1st period - Shot Blocked by Dylan Olsen.
13:34 of 1st period - Penalty to Tyler Brenner is over, Tyler Brenner is back on ice.
13:41 of 1st period - Wrist shot by Brandon Pirri.
13:41 of 1st period - Shot Blocked by Victor Bartley.
14:09 of 1st period - Snap shot by Tyler Randell.
14:09 of 1st period - Stopped by Igor Shesterkin with a rebound.
14:25 of 1st period - Snap shot by Tyler Randell.
14:25 of 1st period - Shot Misses the Net.
14:27 of 1st period - Snap shot by Tyler Randell.
14:27 of 1st period - Deflect By Michael Bournival.
14:27 of 1st period - Stopped by Igor Shesterkin with a rebound.
14:29 of 1st period - Slapshot by Victor Bartley.
14:29 of 1st period - Deflect By Michael Bournival.
14:29 of 1st period - Shot Misses the Net.
14:29 of 1st period - Puck is out of play.
14:30 of 1st period - Calle Jarnkrok wins face-off versus Brendan Woods in Griffins zone.
14:37 of 1st period - Wrist shot by Brandon McMillan.
14:37 of 1st period - Shot Misses the Net.
14:39 of 1st period - Slapshot by Jake Dotchin.
14:39 of 1st period - Shot Blocked by Simon Despres.
14:41 of 1st period - Snap shot by Jake Dotchin.
14:41 of 1st period - Stopped by Igor Shesterkin with a rebound.
14:51 of 1st period - Minor Penalty to Brandon Pirri for Hooking.
14:52 of 1st period - Calle Jarnkrok wins face-off versus Tye McGinn in Griffins zone.
14:55 of 1st period - Wrist shot by Calle Jarnkrok.
14:55 of 1st period - Shot Misses the Net.
14:57 of 1st period - Slapshot by Ryan Hartman.
14:57 of 1st period - Goal by Ryan Hartman - Griffins : 1 - Harfangs : 2.
14:58 of 1st period - Calle Jarnkrok wins face-off versus Dylan Larkin in neutral zone.
15:05 of 1st period - Snap shot by Brandon McMillan.
15:05 of 1st period - Shot Misses the Net.
15:07 of 1st period - Slapshot by Calle Jarnkrok.
15:07 of 1st period - Stopped by Igor Shesterkin without a rebound.
15:08 of 1st period - Dylan Larkin wins face-off versus Calle Jarnkrok in Griffins zone.
15:25 of 1st period - Slapshot by Calle Jarnkrok.
15:25 of 1st period - Shot Misses the Net.
15:27 of 1st period - Snap shot by Brandon McMillan.
15:27 of 1st period - Goal by Brandon McMillan - Griffins : 1 - Harfangs : 3.
15:28 of 1st period - Nathan Gerbe wins face-off versus Tyler Brenner in neutral zone.
15:43 of 1st period - Snap shot by Marko Dano.
15:43 of 1st period - Stopped by Ilya Sorokin with a rebound.
16:27 of 1st period - Snap shot by Sven Andrighetto.
16:27 of 1st period - Stopped by Igor Shesterkin with a rebound.
16:29 of 1st period - Snap shot by Erik Nystrom.
16:29 of 1st period - Goal by Erik Nystrom - Griffins : 1 - Harfangs : 4.
16:29 of 1st period - Olivier Roy enters game.
16:30 of 1st period - Tyler Brenner wins face-off versus Nathan Gerbe in neutral zone.
16:37 of 1st period - Wrist shot by Tyler Brenner.
16:37 of 1st period - Deflect By Marko Dano.
16:37 of 1st period - Stopped by Olivier Roy with a rebound.
16:41 of 1st period - Snap shot by Tyler Brenner.
16:41 of 1st period - Shot Misses the Net.
16:43 of 1st period - Slapshot by Victor Bartley.
16:43 of 1st period - Stopped by Olivier Roy without a rebound.
16:44 of 1st period - Tyler Brenner wins face-off versus Dylan Larkin in Griffins zone.
17:20 of 1st period - Petter Granberg is hit by Brandon McMillan and loses puck.
17:48 of 1st period - Icing by Phil Oreskovic.
17:49 of 1st period - Cristoval Nieves wins face-off versus Rourke Chartier in Griffins zone.
18:18 of 1st period - Icing by Marko Dano.
18:19 of 1st period - Nathan Gerbe wins face-off versus Tyler Brenner in Griffins zone.
18:34 of 1st period - Slapshot by Tyler Randell.
18:34 of 1st period - Shot Misses the Net.
18:53 of 1st period - Snap shot by Dylan Larkin.
18:53 of 1st period - Deflect By Teuvo Teravainen.
18:53 of 1st period - Shot Misses the Net.
18:53 of 1st period - Puck is out of play.
18:54 of 1st period - Tyler Brenner wins face-off versus Ben Hanowski in Harfangs zone.
19:07 of 1st period - Wrist shot by Michael Bournival.
19:07 of 1st period - Shot Misses the Net.
19:09 of 1st period - Wrist shot by Michael Bournival.
19:09 of 1st period - Stopped by Olivier Roy with a rebound.
Goals for this period are 1 for Griffins vs 4 for Harfangs.
Shots for this period are 9 for Griffins vs 19 for Harfangs.

2nd period


0:01 of 2nd period - Tyler Brenner wins face-off versus Nathan Gerbe in neutral zone.
0:37 of 2nd period - Slapshot by Anton Slepyshev.
0:37 of 2nd period - Shot Misses the Net.
0:53 of 2nd period - Marcus Pettersson is hit by Calle Jarnkrok and loses puck.
1:16 of 2nd period - Backhand shot by Tye McGinn.
1:16 of 2nd period - Stopped by Ilya Sorokin with a rebound.
1:18 of 2nd period - Wrist shot by Tye McGinn.
1:18 of 2nd period - Shot Blocked by Victor Bartley.
2:00 of 2nd period - Snap shot by Ryan Hartman.
2:00 of 2nd period - Deflect By Calle Jarnkrok.
2:00 of 2nd period - Shot Misses the Net.
2:00 of 2nd period - Puck is out of play.
2:01 of 2nd period - Tyler Brenner wins face-off versus Dylan Larkin in Griffins zone.
2:26 of 2nd period - Ryan Hartman is hit by Marko Dano and loses puck.
2:55 of 2nd period - Wrist shot by Anton Slepyshev.
2:55 of 2nd period - Shot Blocked by Jake Dotchin.
3:55 of 2nd period - Slapshot by Victor Bartley.
3:55 of 2nd period - Stopped by Olivier Roy with a rebound.
3:57 of 2nd period - Wrist shot by Ryan Hartman.
3:57 of 2nd period - Deflect By Nathan Gerbe.
3:57 of 2nd period - Shot Misses the Net.
3:57 of 2nd period - Puck is out of play.
3:58 of 2nd period - Tyler Brenner wins face-off versus Brandon Pirri in Griffins zone.
5:33 of 2nd period - Wrist shot by Tyler Randell.
5:33 of 2nd period - Shot Misses the Net.
5:35 of 2nd period - Slapshot by Tyler Brenner.
5:35 of 2nd period - Stopped by Olivier Roy with a rebound.
5:37 of 2nd period - Wrist shot by Tyler Brenner.
5:37 of 2nd period - Shot Blocked by Tye McGinn.
6:33 of 2nd period - Wrist shot by Dylan Olsen.
6:33 of 2nd period - Shot Misses the Net.
7:01 of 2nd period - Snap shot by Nathan Gerbe.
7:01 of 2nd period - Stopped by Ilya Sorokin without a rebound.
7:02 of 2nd period - Nathan Gerbe wins face-off versus Calle Jarnkrok in Harfangs zone.
7:03 of 2nd period - Snap shot by Marko Dano.
7:03 of 2nd period - Shot Blocked by Brandon McMillan.
7:52 of 2nd period - Mark Alt is hit by Brandon Pirri and loses puck.
8:37 of 2nd period - Snap shot by Rourke Chartier.
8:37 of 2nd period - Shot Blocked by Tyler Brenner.
8:39 of 2nd period - Slapshot by Haydn Fleury.
8:39 of 2nd period - Shot Misses the Net.
9:09 of 2nd period - Wrist shot by Rourke Chartier.
9:09 of 2nd period - Deflect By Nicholas Baptiste.
9:09 of 2nd period - Shot Misses the Net.
9:09 of 2nd period - Puck is out of play.
9:10 of 2nd period - Nathan Gerbe wins face-off versus Tyler Brenner in Harfangs zone.
9:25 of 2nd period - Snap shot by Marko Dano.
9:25 of 2nd period - Stopped by Ilya Sorokin with a rebound.
9:31 of 2nd period - Minor Penalty to Tyler Brenner for Slashing.
9:32 of 2nd period - Tyler Randell wins face-off versus Marko Dano in Harfangs zone.
9:32 of 2nd period - Tyler Randell is hit by Teuvo Teravainen.
9:46 of 2nd period - Snap shot by Marko Dano.
9:46 of 2nd period - Shot Misses the Net.
9:48 of 2nd period - Backhand shot by Tye McGinn.
9:48 of 2nd period - Stopped by Ilya Sorokin with a rebound.
10:08 of 2nd period - Snap shot by Dylan Larkin.
10:08 of 2nd period - Shot Blocked by Laurent Dauphin.
11:31 of 2nd period - Penalty to Tyler Brenner is over, Tyler Brenner is back on ice.
11:35 of 2nd period - Backhand shot by Nick Shore.
11:35 of 2nd period - Shot Blocked by Petter Granberg.
12:45 of 2nd period - Minor Penalty to Cristoval Nieves for Interference.
12:46 of 2nd period - Tyler Randell wins face-off versus Marko Dano in Harfangs zone.
13:31 of 2nd period - Wrist shot by Tye McGinn.
13:31 of 2nd period - Shot Misses the Net.
14:25 of 2nd period - Tye McGinn is hit by Victor Bartley and loses puck.
14:38 of 2nd period - Icing by Phil Oreskovic.
14:39 of 2nd period - Laurent Dauphin wins face-off versus Marko Dano in Griffins zone.
14:45 of 2nd period - Penalty to Cristoval Nieves is over, Cristoval Nieves is back on ice.
15:25 of 2nd period - Slapshot by Cristoval Nieves.
15:25 of 2nd period - Stopped by Olivier Roy without a rebound.
15:26 of 2nd period - Tyler Brenner wins face-off versus Brendan Woods in Griffins zone.
15:29 of 2nd period - Snap shot by Michael Bournival.
15:29 of 2nd period - Stopped by Olivier Roy without a rebound.
15:30 of 2nd period - Tyler Brenner wins face-off versus Brendan Woods in Griffins zone.
15:38 of 2nd period - Minor Penalty to Brandon Pirri for Hooking.
15:39 of 2nd period - Tye McGinn wins face-off versus Tyler Brenner in Griffins zone.
16:50 of 2nd period - Gord Baldwin is hit by Ryan Hartman and loses puck.
17:38 of 2nd period - Penalty to Brandon Pirri is over, Brandon Pirri is back on ice.
17:54 of 2nd period - Erik Nystrom is hit by Petter Granberg and loses puck.
18:01 of 2nd period - Sonny Milano is hit by Erik Nystrom and loses puck.
18:12 of 2nd period - Brenden Kichton is hit by Teuvo Teravainen and loses puck.
18:29 of 2nd period - Brandon Pirri is hit by Brenden Kichton and loses puck.
19:05 of 2nd period - Slapshot by Simon Despres.
19:05 of 2nd period - Stopped by Ilya Sorokin without a rebound.
19:06 of 2nd period - Dylan Larkin wins face-off versus Nick Shore in Harfangs zone.
19:45 of 2nd period - Minor Penalty to Victor Bartley for Hooking.
19:46 of 2nd period - Marko Dano wins face-off versus Tyler Randell in Harfangs zone.
19:53 of 2nd period - Snap shot by Teuvo Teravainen.
19:53 of 2nd period - Stopped by Ilya Sorokin without a rebound.
19:54 of 2nd period - Marko Dano wins face-off versus Michael Bournival in Harfangs zone.
Goals for this period are 0 for Griffins vs 0 for Harfangs.
Shots for this period are 6 for Griffins vs 4 for Harfangs.

3rd period


0:01 of 3rd period - Tyler Randell wins face-off versus Marko Dano in neutral zone.
0:10 of 3rd period - Tyler Randell is hit by Teuvo Teravainen and loses puck.
0:15 of 3rd period - Snap shot by Teuvo Teravainen.
0:15 of 3rd period - Shot Misses the Net.
0:31 of 3rd period - Slapshot by Simon Despres.
0:31 of 3rd period - Stopped by Ilya Sorokin with a rebound.
0:33 of 3rd period - Slapshot by Marcus Pettersson.
0:33 of 3rd period - Deflect By Dylan Larkin.
0:33 of 3rd period - Stopped by Ilya Sorokin without a rebound.
0:34 of 3rd period - Tyler Randell wins face-off versus Marko Dano in Harfangs zone.
0:36 of 3rd period - Minor Penalty to Jake Dotchin for Hooking.
0:37 of 3rd period - Marko Dano wins face-off versus Tyler Randell in Harfangs zone.
0:39 of 3rd period - Wrist shot by Teuvo Teravainen.
0:39 of 3rd period - Goal by Teuvo Teravainen - Griffins : 2 - Harfangs : 4.
0:40 of 3rd period - Marko Dano wins face-off versus Tyler Randell in neutral zone.
0:43 of 3rd period - Slapshot by Simon Despres.
0:43 of 3rd period - Shot Misses the Net.
0:45 of 3rd period - Slapshot by Tye McGinn.
0:45 of 3rd period - Shot Misses the Net.
0:47 of 3rd period - Slapshot by Marcus Pettersson.
0:47 of 3rd period - Stopped by Ilya Sorokin without a rebound.
0:48 of 3rd period - Marko Dano wins face-off versus Tyler Randell in Harfangs zone.
1:13 of 3rd period - Dylan Larkin is hit by Calle Jarnkrok and loses puck.
2:36 of 3rd period - Penalty to Jake Dotchin is over, Jake Dotchin is back on ice.
2:48 of 3rd period - Wrist shot by Nick Shore.
2:48 of 3rd period - Shot Misses the Net.
2:50 of 3rd period - Slapshot by Sven Andrighetto.
2:50 of 3rd period - Deflect By Erik Nystrom.
2:50 of 3rd period - Goal by Erik Nystrom - Griffins : 2 - Harfangs : 5.
2:51 of 3rd period - Nathan Gerbe wins face-off versus Tyler Brenner in neutral zone.
3:01 of 3rd period - Victor Bartley is hit by Marko Dano and loses puck.
3:27 of 3rd period - Minor Penalty to Simon Despres for Tripping.
3:28 of 3rd period - Tyler Brenner wins face-off versus Tye McGinn in Griffins zone.
3:28 of 3rd period - Wrist shot by Michael Bournival.
3:28 of 3rd period - Stopped by Olivier Roy without a rebound.
3:29 of 3rd period - Tye McGinn wins face-off versus Tyler Brenner in Griffins zone.
5:27 of 3rd period - Penalty to Simon Despres is over, Simon Despres is back on ice.
5:30 of 3rd period - Marko Dano is hit by Victor Bartley and loses puck.
5:43 of 3rd period - Slapshot by Phil Oreskovic.
5:43 of 3rd period - Stopped by Ilya Sorokin without a rebound.
5:44 of 3rd period - Rourke Chartier wins face-off versus Nick Shore in Harfangs zone.
5:45 of 3rd period - Wrist shot by Sonny Milano.
5:45 of 3rd period - Stopped by Ilya Sorokin without a rebound.
5:46 of 3rd period - Nick Shore wins face-off versus Rourke Chartier in Harfangs zone.
6:07 of 3rd period - Slapshot by Jake Dotchin.
6:07 of 3rd period - Shot Misses the Net.
6:09 of 3rd period - Wrist shot by Erik Nystrom.
6:09 of 3rd period - Stopped by Olivier Roy without a rebound.
6:10 of 3rd period - Tyler Brenner wins face-off versus Nathan Gerbe in Griffins zone.
6:47 of 3rd period - Backhand shot by Brandon McMillan.
6:47 of 3rd period - Stopped by Olivier Roy without a rebound.
6:48 of 3rd period - Nathan Gerbe wins face-off versus Nick Shore in Griffins zone.
6:48 of 3rd period - Nathan Gerbe is hit by Nick Shore.
8:00 of 3rd period - Wrist shot by Tyler Randell.
8:00 of 3rd period - Stopped by Olivier Roy without a rebound.
8:01 of 3rd period - Calle Jarnkrok wins face-off versus Nathan Gerbe in Griffins zone.
8:12 of 3rd period - Snap shot by Marko Dano.
8:12 of 3rd period - Stopped by Ilya Sorokin with a rebound.
8:35 of 3rd period - Snap shot by Teuvo Teravainen.
8:35 of 3rd period - Deflect By Dylan Larkin.
8:35 of 3rd period - Stopped by Ilya Sorokin with a rebound.
9:11 of 3rd period - Mark Alt is hit by Nathan Gerbe and loses puck.
9:26 of 3rd period - Wrist shot by Rourke Chartier.
9:26 of 3rd period - Goal by Rourke Chartier - Griffins : 3 - Harfangs : 5.
9:27 of 3rd period - Dylan Larkin wins face-off versus Tyler Brenner in neutral zone.
10:00 of 3rd period - Wrist shot by Tye McGinn.
10:00 of 3rd period - Shot Misses the Net.
10:02 of 3rd period - Snap shot by Tye McGinn.
10:02 of 3rd period - Shot Misses the Net.
10:04 of 3rd period - Snap shot by Marko Dano.
10:04 of 3rd period - Deflect By Nathan Gerbe.
10:04 of 3rd period - Stopped by Ilya Sorokin with a rebound.
10:43 of 3rd period - Minor Penalty to Morgan Klimchuk for Hooking.
10:44 of 3rd period - Marko Dano wins face-off versus Tyler Randell in Harfangs zone.
11:11 of 3rd period - Dylan Larkin is hit by Tyler Brenner.
12:43 of 3rd period - Penalty to Morgan Klimchuk is over, Morgan Klimchuk is back on ice.
12:51 of 3rd period - Morgan Klimchuk is hit by Phil Oreskovic and loses puck.
13:12 of 3rd period - Wrist shot by Erik Nystrom.
13:12 of 3rd period - Shot Misses the Net.
13:28 of 3rd period - Mark Alt is hit by Gord Baldwin and loses puck.
13:41 of 3rd period - Snap shot by Brandon McMillan.
13:41 of 3rd period - Shot Misses the Net.
13:53 of 3rd period - Anton Slepyshev is hit by Tyler Randell and loses puck.
14:20 of 3rd period - Simon Despres is hit by Morgan Klimchuk.
14:32 of 3rd period - Sven Andrighetto is hit by Nicholas Baptiste and loses puck.
14:46 of 3rd period - Icing by Victor Bartley.
14:47 of 3rd period - Brendan Woods wins face-off versus Nick Shore in Harfangs zone.
14:48 of 3rd period - Snap shot by Brandon Pirri.
14:48 of 3rd period - Shot Blocked by Erik Nystrom.
14:50 of 3rd period - Slapshot by Phil Oreskovic.
14:50 of 3rd period - Stopped by Ilya Sorokin with a rebound.
14:52 of 3rd period - Snap shot by Marko Dano.
14:52 of 3rd period - Stopped by Ilya Sorokin with a rebound.
14:54 of 3rd period - Snap shot by Mirco Mueller.
14:54 of 3rd period - Deflect By Marko Dano.
14:54 of 3rd period - Stopped by Ilya Sorokin with a rebound.
14:56 of 3rd period - Snap shot by Marko Dano.
14:56 of 3rd period - Stopped by Ilya Sorokin without a rebound.
14:57 of 3rd period - Tyler Brenner wins face-off versus Nathan Gerbe in Harfangs zone.
15:09 of 3rd period - Minor Penalty to Marko Dano for Tripping.
15:10 of 3rd period - Tyler Brenner wins face-off versus Tye McGinn in Griffins zone.
17:09 of 3rd period - Penalty to Marko Dano is over, Marko Dano is back on ice.
17:19 of 3rd period - Snap shot by Marko Dano.
17:19 of 3rd period - Stopped by Ilya Sorokin with a rebound.
17:21 of 3rd period - Wrist shot by Teuvo Teravainen.
17:21 of 3rd period - Stopped by Ilya Sorokin with a rebound.
17:23 of 3rd period - Slapshot by Marko Dano.
17:23 of 3rd period - Shot Blocked by Victor Bartley.
17:25 of 3rd period - Wrist shot by Marko Dano.
17:25 of 3rd period - Stopped by Ilya Sorokin without a rebound.
17:26 of 3rd period - Cristoval Nieves wins face-off versus Dylan Larkin in Harfangs zone.
18:29 of 3rd period - Slapshot by Michael Bournival.
18:29 of 3rd period - Deflect By Ben Hanowski.
18:29 of 3rd period - Shot Misses the Net.
18:29 of 3rd period - Puck is out of play.
18:30 of 3rd period - Tyler Brenner wins face-off versus Dylan Larkin in Griffins zone.
18:39 of 3rd period - Snap shot by Tyler Randell.
18:39 of 3rd period - Stopped by Olivier Roy with a rebound.
18:57 of 3rd period - Slapshot by Victor Bartley.
18:57 of 3rd period - Stopped by Olivier Roy with a rebound.
18:59 of 3rd period - Snap shot by Sven Andrighetto.
18:59 of 3rd period - Stopped by Olivier Roy without a rebound.
19:00 of 3rd period - Nick Shore wins face-off versus Brendan Woods in Griffins zone.
19:29 of 3rd period - Wrist shot by Cristoval Nieves.
19:29 of 3rd period - Stopped by Olivier Roy with a rebound.
19:31 of 3rd period - Wrist shot by Cristoval Nieves.
19:31 of 3rd period - Goal by Cristoval Nieves - Griffins : 3 - Harfangs : 6.
19:32 of 3rd period - Nathan Gerbe wins face-off versus Michael Bournival in neutral zone.
19:39 of 3rd period - Snap shot by Tye McGinn.
19:39 of 3rd period - Stopped by Ilya Sorokin with a rebound.
Goals for this period are 2 for Griffins vs 2 for Harfangs.
Shots for this period are 18 for Griffins vs 10 for Harfangs.